 Dungeon Crawl Stone Soup version 0.30-a0-632-g346586fe48 (webtiles) character file.

Game seed: 12012173842333476002

93 rogsnak the Poker (level 4, -1/39 HPs)
             Began as a Naga Reaver on Jan 13, 2023.
             Slain by Sigmund
             ... wielding a +0 scythe
              (12 damage)
             ... on level 2 of the Dungeon on Jan 14, 2023.
             The game lasted 00:06:08 (1434 turns).

rogsnak the Poker (Naga Reaver)                     Turns: 1434, Time: 00:06:08

Health: -1/39      AC:  3    Str: 14    XL:     4   Next: 62%
Magic:  7/7        EV:  9    Int: 15    God:
Gold:   102        SH:  0    Dex: 10    Spells: 6/7 levels left

rFire   . . .      SeeInvis +    a - +0 spear
rCold   . . .      Faith    .    (no shield)
rNeg    . . .      Spirit   .    b - +0 leather armour
rPois   +          Reflect  +    (no helmet)
rElec   .          Harm     .    (no cloak)
rCorr   .          Rampage  .    (no gloves)
Will    .....                    (no barding) Stlth
                                 m - amulet of reflection
HPRegen 0.26/turn                (no ring)
MPRegen 0.10/turn                (no ring)

@: confused, very slow
A: AC +1, large, see invisible, deformed body, poison resistance, slowness 2,
spit poison 1, naga tail 1
a: Spit Poison


You were on level 2 of the Dungeon.
You visited 1 branch of the dungeon, and saw 2 of its levels.

You collected 102 gold pieces.

Inventory:

Hand Weapons
 a - a +0 spear (weapon)
 n - a +3 mace
Missiles
 f - 26 stones
Armour
 b - a +0 leather armour (worn)
Magical Staves
 i - a staff of air
Jewellery
 j - a ring of fire
 m - an amulet of reflection (around neck)
Scrolls
 c - a scroll of poison {unknown}
 d - 5 scrolls of identify {unknown}
 k - a scroll of enchant armour {unknown}
Potions
 e - 3 potions of attraction {unknown}
 g - 2 potions of flight {unknown}
 h - a potion of heal wounds {unknown}
 l - a potion of degeneration {unknown}


   Skills:
 + Level 2.2 Fighting
 + Level 3.5 Polearms
 + Level 1.6 Armour
 + Level 2.2 Dodging
 + Level 0.1 Stealth
 + Level 2.2 Spellcasting
 + Level 3.3 Conjurations


You had 6 spell levels left.
You knew the following spells:

 Your Spells              Type           Power      Damage    Failure   Level
a - Kiss of Death         Conj/Necr      24%        2d7       14%         1

Your spell library contained the following spells:

 Spells                   Type           Power      Damage    Failure   Level
 Shock                    Conj/Air       24%        1d4       14%         1
 Momentum Strike          Conj/Tloc      12%        3d8       21%         2
 Hailstorm                Conj/Ice       6%         3d4       38%         3


Dungeon Overview and Level Annotations

Branches:
Dungeon (2/15)

Altars:

Shops:
D:1 *(

Annotations:
D:2 Sigmund


Innate Abilities, Weirdness & Mutations

Your serpentine skin is tough. (AC +1)
You have supernaturally acute eyesight. (SInv)
Armour fits poorly on your strangely shaped body.
Your system is resistant to poisons. (rPois)
You cover ground very slowly.
You can spit poison.
You have a snake-like lower body.


Message History

Sigmund is lightly wounded.
Sigmund hits you with a +0 scythe!
You bump into the granite statue.
Sigmund closely misses you. Sigmund attacks as you move away!
Sigmund hits you with a +0 scythe. The endoplasm attacks as you move away!
The endoplasm hits you. Sigmund barely misses you. The endoplasm freezes you.
You are frozen.
You see here a +0 trident.
You're too confused to move!
You feel less confused. The endoplasm freezes you.
You are frozen.
You completely miss the endoplasm. Sigmund barely misses you.
The endoplasm hits you but does no damage.
You hit the endoplasm but do no damage.
Sigmund hits you from afar with a +0 scythe.
The endoplasm freezes you.
You are frozen.
You hit the endoplasm.
The endoplasm is heavily wounded.
The endoplasm closely misses you.
You barely miss the endoplasm.
The endoplasm is heavily wounded.
Sigmund barely misses you. The endoplasm freezes you.
You are frozen.
* * * LOW HITPOINT WARNING * * *
You hit the endoplasm.
You kill the endoplasm!
Sigmund points at you and mumbles some strange words.
You are confused.
Sigmund says, "Your kind have come here before.
I understand now why.
You desire death..."
Sigmund completely misses you.
You see here a +0 trident.
You bump into the stone wall.
You closely miss Sigmund.
Sigmund is lightly wounded.
Sigmund hits you with a +0 scythe!
You die...

..........###.........
#. ......)...##.........
... ...8...8..#.........
.#.. #...#....#...†.....
....###.###.............
#...#...#..............
#.8...8...8............
#...#.@.#.......####.##
# ##@###......# ###
#...#.......#
#.8...8...8.....#
#.......#.......#
####.....#...####
#####...### ####


You could see Sigmund.

Vanquished Creatures
  Jessica (D:2)
  An adder (D:2)
  2 worms (D:2)
  2 dart slugs (D:1)
  4 bats
  3 endoplasms
  2 giant cockroaches (D:1)
  3 goblins (D:1)
  6 hobgoblins
  9 jackals
  A quokka (D:2)
  2 ball pythons
  2 frilled lizards
  2 kobolds (D:1)
  4 rats (D:1)
44 creatures vanquished.

Vanquished Creatures (others)
  3 fungi (D:1)
  A plant (D:1)
4 creatures vanquished.

Grand Total: 48 creatures vanquished

Notes
Turn   | Place    | Note
-------+----------+-------------------------------------------
     0 | D:1      | rogsnak the Naga Reaver began the quest for the Orb.
     0 | D:1      | Reached XP level 1. HP: 19/19 MP: 3/3
   138 | D:1      | Reached XP level 2. HP: 25/26 MP: 5/5
   232 | D:1      | Found a faded altar of an unknown god.
   241 | D:1      | Got Plato's Writings on Battling
   413 | D:1      | Found Sixkot's General Store.
   421 | D:1      | Reached XP level 3. HP: 28/28 MP: 6/6
   709 | D:1      | Found Putia's Antique Weapon Shoppe.
   738 | D:2      | Upgraded the game from 0.30-a0-629-gd54f4be4f7 to
                  | 0.30-a0-632-g346586fe48
   977 | D:1      | Reached skill level 1 in Armour
  1191 | D:2      | Noticed Jessica
  1198 | D:2      | Killed Jessica
  1199 | D:2      | Reached XP level 4. HP: 20/39 MP: 7/7
  1419 | D:2      | Noticed Sigmund
  1434 | D:2      | Slain by Sigmund

Illustrated notes

Levels and vault maps discovered:
D:1:      minmay_arrival_stair_chambers, layout_basic,
          shapermc_ecumenical_altar_rom_forum, serial_shops,
          nicolae_shop_temple_entry_statues_fountains, nicolae_shop_behind_doors
D:2:      layout_rooms, chequers_serial_rivers_room_a,
          minmay_misc_feat_four_crosses, uniq_sigmund, uniq_jessica,
          uniq_terence

Skill      XL: |  1  2  3 |
---------------+----------+-----
Dodging        | 2 |  2.2
Armour         | 1 |  1.6
Fighting       | |  2.2
Polearms       | |  3.5
Stealth        | |  0.1
Spellcasting   | |  2.2
Conjurations   | |  3.3

Action                   |  1- 3 |  4- 6 || total
-------------------------+-------+-------++-------
Melee: Spear             |   101 |    25 ||   126
 Cast: Kiss of Death     |     1 |       ||     1
 Abil: Spit Poison       |    19 |     4 ||    23
Armor: Leather armour    |    40 |     3 ||    43
Dodge: Dodged            |    82 |    13 ||    95

Table legend: (Time is in decaauts)
 A = Elapsed time spent in this place.
 B = Non-inter-level travel time spent in this place.
 C = Inter-level travel time spent in this place.
 D = Time resting spent in this place.
 E = Time spent auto-exploring this place.
 F = Levels seen in this place.
 G = Mean time per level.
                   A        B        C        D        E       F      G
               +--------+--------+--------+--------+--------+-----+--------+
         Total |   1725 |   1693 |     32 |    414 |    729 |   2 |  862.5 |
       Dungeon |   1725 |   1693 |     32 |    414 |    729 |   2 |  862.5 |
               +--------+--------+--------+--------+--------+-----+--------+

Top non-repeatable levels by time:
     D:1: 1413 daAuts
     D:2: 312 daAuts
